 Dungeon Crawl Stone Soup version 0.17.1-1-g73c8601 (webtiles) character file.

3926 JustSomeDude the Covert (level 10, -23/76 HPs)
             Began as a Demonspawn Monk on Jan 5, 2016.
             Killed from afar by Bubs's ghost (34 damage)
             ... with a fireball
             ... on level 8 of the Dungeon.
             The game lasted 00:19:43 (7152 turns).

JustSomeDude the Covert (Demonspawn Monk)           Turns: 7152, Time: 00:19:43

Health: -23/76     AC:  7    Str: 13      XL:     10   Next: 1%
Magic:  19/19      EV: 19    Int: 14 (16) God:
Gold:   542        SH:  0    Dex: 20      Spells: 0 memorised, 9 levels left

rFire  . . .     SeeInvis .     P - +0 dagger (drain)
rCold  + + +     Clarity  .     w - +0 robe of the Centipede {rElec rF- rC+++ Dex+2}
rNeg   + . .     SustAt   .     (no shield)
rPois  +         Gourm    .     (no helmet)
rElec  +         Spirit   .     v - +0 cloak
rCorr  +         Warding  +     (no gloves)
rMut   .         Stasis   .     (no boots)
MR     .....                    C - amulet of warding
Stlth  +++.......               z - ring of magical power
                                p - ring of wizardry

@: confused, brilliant, exhausted, resistant, flying, slowed, very slow, not
resistant to hostile enchantments, fairly stealthy
A: slimy green scales 3, mutation resistance 1, nightstalker 1, spiny 2
a: no special abilities


You were on level 8 of the Dungeon.
You were very hungry.

You visited 2 branches of the dungeon, and saw 9 of its levels.

You collected 542 gold pieces.

Inventory:

Hand Weapons
 j - a +0 short sword
 P - a +0 dagger of draining (weapon)
 Q - a +2 dagger of venom
 R - a +2 hand axe of electrocution
Missiles
 q - 2 tomahawks of returning (quivered)
Armour
 v - a +0 cloak (worn)
 w - the +0 robe of the Centipede (worn) {rElec rF- rC+++ Dex+2}
   (You found it on level 4 of the Dungeon)

   It affects your dexterity (+2).
   It makes you vulnerable to fire.
   It renders you almost immune to cold.
   It insulates you from electricity.
Rods
 S - a -1 rod of inaccuracy (10/10)
   (You found it on level 7 of the Dungeon)
Jewellery
 p - a ring of wizardry (left hand)
 z - a ring of magical power (right hand)
 C - an amulet of warding (around neck)
 E - an uncursed amulet of clarity {unknown}
 J - an uncursed amulet of resist mutation {unknown}
 N - an uncursed amulet of guardian spirit {unknown}
 O - a cursed ring of loudness {unknown}
Wands
 o - a wand of enslavement (5)
 D - a wand of frost (20)
 F - a wand of lightning (9)
Scrolls
 h - 9 scrolls of identify
 n - a scroll of fear {unknown}
 r - 3 scrolls of enchant weapon
 s - 5 scrolls of remove curse
 u - 3 scrolls of noise
 y - 3 scrolls of recharging {unknown}
 A - a scroll of amnesia
 B - 4 scrolls of teleportation {unknown}
 K - a scroll of brand weapon {unknown}
 L - a scroll of enchant armour
 M - a scroll of blinking {unknown}
Potions
 a - a potion of ambrosia
 g - 2 potions of agility
 l - a potion of poison
 H - a potion of flight
 I - 2 potions of cure mutation
Comestibles
 b - 9 bread rations


   Skills:
 + Level 5.7 Fighting
 + Level 4.4 Short Blades
 + Level 0.3 Throwing
 + Level 0.8 Armour
 + Level 8.4 Dodging
 + Level 8.7 Stealth
 + Level 4.4 Unarmed Combat


You had 9 spell levels left.
You didn't know any spells.

Dungeon Overview and Level Annotations

Branches:
Dungeon (8/15)             Temple (1/1) D:5
   Lair: D:8-11

Altars:
Ashenzari
Cheibriados
Elyvilon
Fedhas
Kikubaaqudgha
Makhleb
Nemelex Xobeh
Okawaru
Qazlal
Ru
Sif Muna
Vehumet
Xom
Yredelemnul
Zin
The Shining One

Annotations:
D:8 Bubs's ghost, journeyman HuFE


Innate Abilities, Weirdness & Mutations

You are completely covered in slimy green scales (AC +4, rPois).
You are slightly more attuned to the shadows.
You are mostly covered in sharp spines.
You are somewhat resistant to further mutation.


Message History

The fireball explodes!
The fireball engulfs you!
Ouch! That really hurt!
* * * LOW HITPOINT WARNING * * *
The fireball engulfs Bubs's ghost.
Bubs's ghost resists.
Evoke which item? (* to show all) (? for menu, Esc to quit)
Zapping:
o - a wand of enslavement (6)
Press: ? - help, Shift-Dir - straight line, f - Bubs's ghost
Aim: Bubs's ghost, wielding a weapon of protection (severely damaged, chance to defeat MR: 9%) Bubs's ghost resists with almost no effort.
This wand has 5 charges left.
Bubs's ghost wails, "They lied to you.
The Dungeon just goes down and down forever."
Bubs's ghost is struck by your spines. Bubs's ghost closely misses you.
A giant gecko comes into view.
Sorry, you're not good enough to have a special ability.
Drink which item? (? for menu, Esc to quit)
You are confused.
You feel invigorated.
Bubs's ghost gestures at you while chanting.
The fireball explodes!
The fireball engulfs you!
You die...

#.# #.# #.# #.#
#.# #.# #.#
#########.#.#
....$ยง@W....#
#########...l..
######.# #


You could see Bubs's ghost and a giant gecko.

Vanquished Creatures
  A hill giant (D:8)
  An ugly thing (D:7)
  A troll (D:5)
  2 orc warriors (D:7)
  2 sky beasts
  3 ogres
  A phantom (D:6)
  The ghost of Olafur the Cudgeler, an amateur HuBe of Trog (D:4)
  5 centaurs
  Blork the orc (D:5)
  2 giant frogs
  2 scorpions
  8 killer bees (D:7)
  A jelly (D:7)
  2 crimson imps
  5 orc priests
  A centaur skeleton (D:5)
  3 hounds
  2 giant frog skeletons
  A giant frog zombie (D:6)
  2 iguanas
  5 orc wizards
  5 worker ants
  A hound zombie (D:5)
  A hound skeleton (D:3)
  10 adders
  3 shadow imps
  2 adder zombies
  2 worms
  4 giant geckos
  30 orcs
  11 bats
  4 giant cockroaches
  5 goblins
  4 hobgoblins
  10 jackals
  9 kobolds
  5 quokkas
  5 ball pythons
  5 giant newts
  A quokka skeleton (D:4)
  12 rats
181 creatures vanquished.

Notes
Turn   | Place    | Note
--------------------------------------------------------------
     0 | D:1      | JustSomeDude the Demonspawn Monk began the quest for the Orb.
     0 | D:1      | Reached XP level 1. HP: 18/18 MP: 1/1
   285 | D:1      | Gained mutation: You are partially covered in sharp spines. [demonic ancestry]
   285 | D:1      | Reached XP level 2. HP: 20/24 MP: 2/2
   652 | D:1      | Found a glowing golden altar of the Shining One.
   765 | D:1      | Reached skill level 4 in Unarmed Combat
   923 | D:2      | Reached XP level 3. HP: 26/29 MP: 3/3
  1552 | D:2      | Gained mutation: You are slightly more attuned to the shadows. [demonic ancestry]
  1552 | D:2      | Reached XP level 4. HP: 31/35 MP: 4/4
  1715 | D:3      | Gained mutation: You are partially covered in slimy green scales (AC +2). [demonic ancestry]
  1715 | D:3      | Reached XP level 5. HP: 19/41 MP: 5/5
  2450 | D:3      | Found a snail-covered altar of Cheibriados.
  2885 | D:4      | Got a fine robe
  2886 | D:4      | Identified the +0 robe of the Centipede {rElec rF- rC+++ Dex+2} (You found it on level 4 of the Dungeon)
  2892 | D:4      | Noticed Olafur's ghost (amateur HuBe)
  2932 | D:4      | Killed Olafur's ghost
  2932 | D:4      | Reached skill level 1 in Short Blades
  2942 | D:4      | Reached XP level 6. HP: 41/48 MP: 6/6
  3833 | D:4      | Found a shimmering altar of Xom.
  4126 | D:5      | Entered Level 5 of the Dungeon
  4165 | D:5      | Found a staircase to the Ecumenical Temple.
  4171 | Temple   | Entered the Ecumenical Temple
  4322 | D:5      | Found a radiant altar of Vehumet.
  4328 | D:5      | Gained mutation: You are mostly covered in sharp spines. [demonic ancestry]
  4328 | D:5      | Reached XP level 7. HP: 49/54 MP: 7/7
  4425 | D:5      | Noticed Blork the orc
  4435 | D:5      | Killed Blork the orc
  4435 | D:5      | Reached skill level 5 in Dodging
  5118 | D:5      | Found an iron altar of Okawaru.
  5157 | D:5      | Reached skill level 5 in Stealth
  5172 | D:5      | Gained mutation: You are mostly covered in slimy green scales (AC +3). [demonic ancestry]
  5172 | D:5      | Reached XP level 8. HP: 53/61 MP: 8/8
  5291 | D:5      | Noticed a troll
  5301 | D:5      | Killed a troll
  5301 | D:5      | Reached skill level 6 in Dodging
  5482 | D:5      | Gained mutation: You have large cloven feet. [mutagenic meat]
  5609 | D:6      | Reached skill level 5 in Fighting
  5733 | D:6      | Found a basalt altar of Yredelemnul.
  5820 | D:6      | Reached skill level 7 in Dodging
  6060 | D:7      | Gained mutation: You are completely covered in slimy green scales (AC +4, rPois). [demonic ancestry]
  6060 | D:7      | Reached XP level 9. HP: 68/68 MP: 9/9
  6075 | D:7      | Noticed a white ugly thing
  6123 | D:8      | Noticed a hill giant
  6714 | D:7      | Killed a white ugly thing
  6714 | D:7      | Reached skill level 8 in Dodging
  7061 | D:8      | Killed a hill giant
  7061 | D:8      | Reached XP level 10. HP: 50/76 MP: 10/10
  7117 | D:8      | Noticed Bubs's ghost (journeyman HuFE)
  7125 | D:8      | Lost mutation: You have large cloven feet. [potion of cure mutation]
  7127 | D:8      | Gained mutation: You are somewhat resistant to further mutation. [potion of beneficial mutation]
  7150 | D:8      | HP: 2/76 [Bubs's ghost/fireball (38)]
  7152 | D:8      | Killed from afar by Bubs's ghost

Action                   |  1- 3 |  4- 6 |  7- 9 | 10-12 || total
-------------------------+-------+-------+-------+-------++-------
Melee: Unarmed           |    57 |       |       |       ||    57
       Dagger            |    26 |     2 |    67 |    17 ||   112
       Short sword       |       |   139 |   148 |       ||   287
Throw: Tomahawk          |       |     2 |       |       ||     2
Evoke: Wand              |     1 |       |       |     1 ||     2
  Use: Scroll            |     5 |     4 |       |       ||     9
       Potion            |       |     4 |     5 |    14 ||    23
 Stab: Sleeping          |     1 |     9 |    21 |       ||    31
       Distracted        |       |     1 |     3 |       ||     4
       Invisible         |       |     6 |       |       ||     6
  Eat: Chunk             |     1 |     4 |     1 |       ||     6
       Beef jerky        |       |     2 |     1 |       ||     3
       Meat ration       |       |     1 |     1 |       ||     2
